 Dungeon Crawl Stone Soup version 0.31-a0-818-ge7c7cf74f0 (webtiles) character file.

Game seed: 4370557113167563366

74 quinnr the Gusty (level 4, 0/24 HPs)
             Began as a Tengu Air Elementalist on Sept 22, 2023.
             Slain by Grinder (4 damage)
             ... on level 3 of the Dungeon.
             The game lasted 00:02:39 (1776 turns).

quinnr the Gusty (Tengu Air Elementalist)           Turns: 1776, Time: 00:02:41

Health: 0/24       AC:  3    Str:  9    XL:     4   Next: 28%
Magic:  6/8        EV: 12    Int: 17    God:
Gold:   75         SH:  0    Dex: 14    Spells: 6/7 levels left

rFire   . . .        g - +2 shortbow (flame)
rCold   . . .        (shield currently unavailable)
rNeg    . . .        a - +1 robe
rPois   .            (helmet restricted)
rElec   .            (no cloak)
rCorr   +            (no gloves)
SInv    .            (boots unavailable)
Will    .....        (no amulet)
Stlth   ++           R - ring of resist corrosion
HPRegen 0.24/turn    (no ring)
MPRegen 0.11/turn

%: acrobat
@: no status effects
A: beak, talons 3, acrobatic
a: no special abilities


You were on level 3 of the Dungeon.
You visited 1 branch of the dungeon, and saw 3 of its levels.

You collected 75 gold pieces.


Innate Abilities, Weirdness & Mutations

You have a beak for a mouth.
You have claws for feet.
You can magically evade attacks while moving or waiting.


   Skills:
 - Level 2.1 Dodging
 - Level 2.0 Stealth
 - Level 2.0 Spellcasting
 - Level 1.3 Conjurations
 + Level 6.6 Air Magic


You had 6 spell levels left.
You knew the following spells:

 Your Spells              Type           Power      Damage    Failure   Level
z - Shock                 Conj/Air       60%        1d6       3%          1

Your spell library contained the following spells:

 Spells                   Type           Power      Damage    Failure   Level
 Swiftness                Air            24%        N/A       3%          3
 Static Discharge         Conj/Air       30%        2-4/arc   5%          2
 Airstrike                Air            12%        2d(2-18)  13%         4

Inventory:

Hand Weapons
 g - a +2 shortbow of flaming (weapon)
Missiles
 d - 15 poisoned darts
Armour
 a - a +1 robe (worn)
Jewellery
 R - a ring of resist corrosion (left hand)
Scrolls
 f - a scroll of fog {unknown}
Potions
 b - a potion of magic
 c - a potion of enlightenment {unknown}
 e - 4 potions of curing {unknown}

Dungeon Overview and Level Annotations

Branches:
Dungeon (3/15)

Altars:

Annotations:
D:3 Grinder

#!# .. #..##.# #..#.# .
##.#.# ##.. #.#.#.....
▒#######.#...###. ▒
▒................
▒▒▒▒▒▒▒▒▒▒......o5..<§###.
........#.......@.....#
##.....##...........<.### #
###...###...............#.#
#####.............###...#.###
......###.........# ##)....#
####..............## #<#.
.....####..........# #...#
.##### #........... .....(.
## #.........# ##..####..


You could see Grinder and an orc wizard.


Message History

Non-targeted confused fire: g) +2 shortbow (flame)
Press: ? - help, Q - select action, (/) - cycle Dir - look around, f - activate You shoot an arrow.
Grinder comes into view.
She is carrying a wand of flame.
Unknown command.
You see here a +0 ring mail.
Non-targeted confused fire: g) +2 shortbow (flame)
Press: ? - help, Q - select action, (/) - cycle Dir - look around, f - activate You shoot an arrow.
The arrow completely misses you.
Grinder says, "Wait up."
Unknown command.
Unknown command.
You shoot an arrow. The orc wizard casts a spell at you.
The puff of flame hits you.
* * * LOW HITPOINT WARNING * * *
Grinder blinks!
Unknown command.
Non-targeted confused fire: g) +2 shortbow (flame)
Press: ? - help, Q - select action, (/) - cycle Dir - look around, f - activate You shoot an arrow.
You feel less confused.
The orc wizard hits you with a +0 dagger.
* * * LOW HITPOINT WARNING * * *
You shoot an arrow. The arrow barely misses the orc wizard.
The orc wizard hits you with a +0 dagger.
* * * LOW HITPOINT WARNING * * *
Grinder hits you.
You die...
Grinder says, "Now the real fun starts!"

Skill      XL: |  1  2  3 |
---------------+----------+-----
Air Magic      | 5 6 |  6.6
Dodging        | |  2.1
Stealth        | |  2.0
Spellcasting   | |  2.0
Conjurations   | |  1.3

Action                     |  1- 3 |  4- 6 || total
---------------------------+-------+-------++-------
  Melee: Unarmed           |     4 |       ||     4
         Kick              |     1 |       ||     1
   Fire: Shortbow          |     9 |    15 ||    24
   Cast: Shock             |    68 |     3 ||    71
    Use: Scroll            |     2 |       ||     2
 Armour: Robe              |    20 |     6 ||    26
  Dodge: Dodged            |    40 |     1 ||    41

Levels and vault maps discovered:
D:1:      dpeg_arrival_lava_temple_mockup, layout_basic,
          ebering_ecumenical_altar_sacrificial, minmay_misc_feat_cross
D:2:      layout_loops_ring
D:3:      layout_rooms, ebering_ghost_disaster_area, uniq_grinder

Notes
Turn   | Place    | Note
-------+----------+-------------------------------------------
     0 | D:1      | quinnr the Tengu Air Elementalist began the quest for the
                  | Orb.
     0 | D:1      | Reached XP level 1. HP: 10/10 MP: 4/4
   295 | D:1      | Reached XP level 2. HP: 15/15 MP: 4/6
   323 | D:1      | Found a faded altar of an unknown god.
   680 | D:2      | Reached skill level 5 in Air Magic
  1126 | D:2      | Reached XP level 3. HP: 19/19 MP: 4/7
  1553 | D:2      | Reached skill level 6 in Air Magic
  1555 | D:2      | Reached XP level 4. HP: 3/24 MP: 2/8
  1771 | D:3      | Noticed Grinder
  1776 | D:3      | Slain by Grinder

Vanquished Creatures
  An orc wizard (D:2)
  An adder (D:2)
  A dart slug (D:2)
  An orc (D:3)
  5 ball pythons (D:2)
  5 bats
  4 endoplasms (D:2)
  2 giant cockroaches (D:2)
  5 goblins
  2 hobgoblins
  3 quokkas
  2 kobolds
  A rat (D:3)
33 creatures vanquished.

Table legend: (Time is in decaauts)
 A = Elapsed time spent in this place.
 B = Non-inter-level travel time spent in this place.
 C = Inter-level travel time spent in this place.
 D = Time resting spent in this place.
 E = Time spent auto-exploring this place.
 F = Levels seen in this place.
 G = Mean time per level.
                   A        B        C        D        E       F      G
               +--------+--------+--------+--------+--------+-----+--------+
         Total |   1785 |   1745 |     40 |     86 |   1424 |   3 |  595.0 |
       Dungeon |   1785 |   1745 |     40 |     86 |   1424 |   3 |  595.0 |
               +--------+--------+--------+--------+--------+-----+--------+

Top non-repeatable levels by time:
     D:2: 1088 daAuts
     D:1: 557 daAuts
     D:3: 138 daAuts

Table legend:
 A = Non-vault XP
 B = Vault XP
 C = Vault XP percentage of total XP
 D = Non-vault monster count
 E = Vault monster count
 F = Vault count percentage of total count
                 A         B        C        D         E       F
            +---------+---------+-------+---------+---------+-------
      Total |     106 |       0 |   0.0 |      33 |       0 |   0.0
            +---------+---------+-------+---------+---------+-------
        D:1 |      14 |       0 |   0.0 |       7 |       0 |   0.0
        D:2 |      84 |       0 |   0.0 |      21 |       0 |   0.0
        D:3 |       8 |       0 |   0.0 |       5 |       0 |   0.0
            +---------+---------+-------+---------+---------+-------

Levels and vault maps discovered:
D:1:      dpeg_arrival_lava_temple_mockup, layout_basic,
          ebering_ecumenical_altar_sacrificial, minmay_misc_feat_cross
D:2:      layout_loops_ring
D:3:      layout_rooms, ebering_ghost_disaster_area, uniq_grinder
